 Dungeon Crawl Stone Soup version 0.32-a0-931-g5a2cda0630 (webtiles) character file.

Game seed: 10247624252913009459

33912 inkslinger the Devastator (level 13, 0/93 HPs)
             Began as an Octopode Conjurer on Apr 12, 2024.
             Was an Elder of Vehumet.
             Slain by a tentacled starspawn (7 damage)
             ... on level 3 of the Abyss on Apr 13, 2024.
             The game lasted 00:47:46 (23105 turns).

inkslinger the Devastator (Octopode Conjurer)      Turns: 23105, Time: 00:47:47

Health: 0/93       AC: 14    Str:  7    XL:     13   Next: 74%
Magic:  2/34       EV:  9    Int: 27    God:    Vehumet [****..]
Gold:   397        SH:  9    Dex: 10    Spells: 5/28 levels left

rFire   + . .        b - +3 Elemental Staff {ele, rElec rF+ rC+ AC+3}
rCold   + + .        K - +1 kite shield {AC+3}
rNeg    . . .        U - +3 crown of Dyrovepreva {rElec Int+2 SInv}
rPois   .            B - amulet of regeneration
rElec   +            e - +4 ring of protection
rCorr   .            C - ring of magical power
SInv    +            O - ring of protection from cold
Will    .....        (no ring)
Stlth   ++++         (no ring)
HPRegen 1.15/turn    (no ring)
MPRegen 0.24/turn    (no ring)
                     (no ring)

%: no passive effects
@: mighty, attractive
A: almost no armour, amphibious, 8 rings, camouflage 1, gelatinous body 1,
(nimble swimmer 1), tentacles
a: Renounce Religion


You were on level 3 of the Abyss.
You worshipped Vehumet.
Vehumet was greatly pleased with you.
You visited 2 branches of the dungeon, and saw 15 of its levels.
You visited the Abyss 1 time.

You collected 1027 gold pieces.
You spent 630 gold pieces at shops.

Inventory:

Hand Weapons
 a - a +1 rapier of flaming
 b - the +3 Elemental Staff (weapon) {ele, rElec rF+ rC+ AC+3}
   (You acquired it on level 4 of the Lair of Beasts)

   AC+3:      It affects your AC (+3).
   rF+:       It protects you from fire.
   rC+:       It protects you from cold.
   rElec:     It insulates you from electricity.
 H - the +1 war axe of Tammymn {protect, rPois rF+ rN+ Str+4}
   (You found it on level 3 of the Dungeon)

   Str+4:     It affects your strength (+4).
   rF+:       It protects you from fire.
   rPois:     It protects you from poison.
   rN+:       It protects you from negative energy.
Missiles
 j - a curare-tipped dart
 t - 50 poisoned darts
 E - 7 boomerangs
 T - 5 javelins
Armour
 K - a +1 kite shield of protection (worn)
 U - the +3 crown of Dyrovepreva (worn) {rElec Int+2 SInv}
   (You acquired it on level 4 of the Lair of Beasts)

   Int+2:     It affects your intelligence (+2).
   rElec:     It insulates you from electricity.
   SInv:      It lets you see invisible.
Magical Staves
 d - a staff of air
 h - a staff of cold
 J - a staff of fire
 N - a staff of earth
Jewellery
 c - an amulet of reflection
 e - a +4 ring of protection (left tentacle)
 B - an amulet of regeneration (around mantle)
 C - a ring of magical power (right tentacle)
 O - a ring of protection from cold (on tentacle)
 S - the ring "Xeuggeg" {rC+ Will++ Str-2 Int+4}
   (You found it on level 2 of the Lair of Beasts)

   [ring of protection from cold]

   Str-2:     It affects your strength (-2).
   Int+4:     It affects your intelligence (+4).
   rC+:       It protects you from cold.
   Will++:    It greatly increases your willpower.
Talismans
 D - a serpent talisman
Wands
 g - a wand of warping (23)
 x - a wand of light (20)
 z - a wand of paralysis (26)
 G - a wand of flame (45)
Scrolls
 m - 4 scrolls of enchant armour
 n - 2 scrolls of noise
 s - a scroll of revelation
 F - 4 scrolls of amnesia
 L - 4 scrolls of poison
 M - 2 scrolls of vulnerability
 R - a scroll of fog {unknown}
Potions
 i - 2 potions of brilliance
 k - a potion of enlightenment
 l - a potion of cancellation
 o - 7 potions of might
 r - 2 potions of haste
 v - a potion of mutation {unknown}
 A - a potion of invisibility


   Skills:
 + Level 10.6 Fighting
 - Level 2.0 Dodging
 - Level 8.0 Stealth
 * Level 5.1 Shields
 - Level 8.0 Spellcasting
 - Level 15.0 Conjurations
 - Level 10.0 Translocations


You had 5 spell levels left.
You knew the following spells:

 Your Spells              Type           Power      Damage    Failure   Level
a - Magic Dart            Conj           100%       1d8       1%          1
b - Searing Ray           Conj           100%       2d8       1%          2
c - Fulminant Prism       Conj/Alch      25%        3d13      4%          4
d - Mephitic Cloud        Conj/Alch/Air  54%        N/A       3%          3
e - Iskenderun's Mystic   Conj/Tloc      67%        2d14      (+2d71%     4
f - Olgreb's Toxic Radia  Alch           10%        N/A       56%         4
g - Ignite Poison         Fire/Alch      16%        N/A       56%         4
h - Apportation           Tloc           100%       N/A       1%          1

Your spell library contained the following spells:

 Spells                   Type           Power      Damage    Failure   Level
 Brom's Barrelling Bould  Conj/Erth      67%        2d8       4%          4
 Sting                    Conj/Alch      100%       1d9       1%          1
 Dazzling Flash           Conj/Hex       100%       N/A       1%          3
 Volatile Blastmotes      Fire/Tloc      100%       2d18      3%          3
 Passage of Golubria      Tloc           59%        N/A       4%          4
 Irradiate                Conj/Alch      25%        3d20      11%         5
 Frozen Ramparts          Ice            32%        1d5       22%         3
 Freezing Cloud           Conj/Ice/Air   35%        6-21      26%         5
 Necrotise                Necr           40%        1d6       30%         1
 Summon Small Mammal      Summ           40%        N/A       30%         1
 Cigotuvi's Dreadful Rot  Necr/Alch/Air  32%        N/A       41%         2
 Ensorcelled Hibernation  Hex/Ice        32%        N/A       41%         2
 Sublimation of Blood     Necr           10%        N/A       41%         2
 Fugue of the Fallen      Necr           10%        N/A       65%         3
 Ozocubu's Armour         Ice            16%        N/A       65%         3
 Lee's Rapid Deconstruct  Erth           8%         3d7*      87%         5
 Anguish                  Hex/Necr       5%         N/A       96%         4
 Petrify                  Alch/Erth      16%        N/A       96%         4
 Summon Lightning Spire   Summ/Air       16%        N/A       96%         4
 Curse of Agony           Necr           10%        N/A       100%        5
 Metabolic Englaciation   Hex/Ice        8%         N/A       100%        5
 Silence                  Hex/Air        8%         N/A       100%        5
 Starburst                Conj/Fire      33%        6d10      45%         6
 Manifold Assault         Tloc           29%        N/A       99%         7
 Lehudib's Crystal Spear  Conj/Erth      33%        10d9      100%        8
 Maxwell's Capacitive Co  Air            8%         ∞         100%        8
 Animate Armour           Summ/Erth      Unusable   N/A       N/A         4

Dungeon Overview and Level Annotations

Branches:
Dungeon (10/15)            Temple (0/1) D:7            Lair (5/5) D:9
 Shoals (0/4) Lair:2       Spider (0/4) Lair:2        Slime (0/5) Lair:4
    Orc: D:9-12

Altars:
Ashenzari
Cheibriados
Elyvilon
Hepliaklqana
Makhleb
Nemelex Xobeh
Okawaru
Ru
Sif Muna
Trog
Vehumet
Yredelemnul
Zin
Jiyva

Shops:
D:2 =

Annotations:
Lair:4 3 runed translucent doors, exclusion: oklob plant, Ahar's ghost, journeyman HONe


Innate Abilities, Weirdness & Mutations

You cannot wear most types of armour.
You are amphibious.
You can wear up to eight rings at the same time.
Your skin changes colour to match your surroundings (Stealth+).
Your rubbery body absorbs attacks. (AC +1, EV +1)
((You are camouflaged when in or above water. (Stealth+)))
You have tentacles for arms and can constrict up to eight enemies at once.


Message History

The blizzard demon hits you.
The blizzard demon hits you but does no damage.
You feel very mighty all of a sudden.
You are engulfed in freezing vapours.
You resist.
The blizzard demon is engulfed in freezing vapours.
The blizzard demon waves its arms in wide circles.
The air twists around and strikes you!
* * * LOW HITPOINT WARNING * * *
Unknown command.
You hit the blizzard demon. Your squeeze misses the blizzard demon.
The blizzard demon is heavily wounded.
You are engulfed in freezing vapours.
You resist.
* * * LOW HITPOINT WARNING * * *
The blizzard demon is engulfed in freezing vapours.
The blizzard demon hits you but does no damage.
The blizzard demon barely misses you.
Blink to where?
Press: ? - help, Dir - move target You can't see that place. [the floor.]
Okay, then.
As you read the scroll labelled YHOGGO ZUCIEL, it crumbles to dust.
It was a scroll of blinking.
You are engulfed in freezing vapours.
You resist.
* * * LOW HITPOINT WARNING * * *
The tentacled starspawn is engulfed in freezing vapours.
The tentacled starspawn bites you.
* * * LOW HITPOINT WARNING * * *
The tentacled starspawn tentacle-slaps you.
* * * LOW HITPOINT WARNING * * *
Aiming: Throw Flame
Press: ? - help, Shift-Dir - straight line, f - tentacled starspawn
Aim: a tentacled starspawn (freezing vapour, lightly damaged, 89% to hit)
The puff of flame hits the tentacled starspawn.
The tentacled starspawn is lightly damaged.
You hear a sizzling sound!
You are engulfed in freezing vapours.
You resist.
* * * LOW HITPOINT WARNING * * *
The tentacled starspawn closely misses you.
The tentacled starspawn tentacle-slaps you!
You die...

##.. ..# # ###..
...# . .#.##...## #
.## #.#
.......X.###.. ### .
....#.#*#.#.....#...
. # ...#wp....... .
#.#XXw#.. . #.
####2###X..## #@#2#
##X # ##X### . p###
###..# ..p. . ##
.... . .. ... # ##..
........ # .. .X...
. . ..X#.....#
#..###.. ## ... #
X.# ....#. ..


You could see a tentacled starspawn.

Vanquished Creatures
  2 hydras
  2 centaur warriors (D:10)
  2 two-headed ogres
  A thrashing horror (Abyss:3)
  3 death yaks (Lair:1)
  Pikel (D:8)
  A wolf spider (Lair:2)
  A cyclops (Lair:2)
  Maurice (D:7)
  9 elephants
  5 black mambas
  3 cane toads
  2 unseen horrors (D:10)
  Maggie (D:7)
  2 rime drakes
  5 komodo dragons
  A polar bear (Lair:2)
  2 trolls (D:10)
  A hornet (Lair:3)
  Prince Ribbit (D:7)
  Grinder (D:6)
  9 blink frogs
  2 dream sheep (Lair:5)
  2 raiju (Abyss:3)
  A culicivora (Lair:2)
  3 wyverns
  A spriggan (shapeshifter) (D:10)
  A ynoxinul (Abyss:3)
  A shadow (D:10)
  5 fire bats
  2 wraiths (D:9)
  A vampire (D:10)
  29 yaks
  A vampire mosquito (D:10)
  3 basilisks
  Grum (D:8)
  A steam dragon (D:7)
  2 acid dragons
  14 water moccasins
  6 orc warriors
  2 sky beasts
  2 black bears
  3 ogres
  20 wolves
  2 centaurs
  2 lemures (D:8)
  2 phantoms (D:7)
  6 kobold brigands
  Blork the orc (D:4)
  8 bullfrogs
  5 scorpions
  11 killer bees
  An electric eel (Lair:4)
  A howler monkey (D:9)
  A crimson imp (Abyss:3)
  5 bombardier beetles
  3 jellies
  3 hounds
  3 orc priests
  Crazy Yiuf (D:7)
  2 sleepcaps (D:5)
  Terence (D:3)
  5 iguanas
  13 orc wizards
  5 adders
  A gnoll (D:4)
  2 shadow imps
  4 ufetubi
  A ribbon worm (D:2)
  A dart slug (D:5)
  49 orcs
  5 ball pythons
  15 endoplasms
  2 giant cockroaches (D:4)
  4 goblins
  6 hobgoblins
  2 quokkas
  2 bats
  A frilled lizard (D:1)
  25 kobolds
  5 rats
  A fulminant prism (Lair:1)
366 creatures vanquished.

Vanquished Creatures (others)
  44 fulminant prisms
  6 starspawn tentacles (Abyss:3)
50 creatures vanquished.

Grand Total: 416 creatures vanquished

Notes
Turn   | Place    | Note
-------+----------+-------------------------------------------
     0 | D:1      | inkslinger the Octopode Conjurer began the quest for the
                  | Orb.
     0 | D:1      | Reached XP level 1. HP: 11/11 MP: 3/3
   326 | D:1      | Reached XP level 2. HP: 17/17 MP: 1/5
   329 | D:1      | Learned a level 2 spell: Searing Ray
   650 | D:1      | Found a faded altar of an unknown god.
  1501 | D:2      | Reached XP level 3. HP: 21/21 MP: 1/6
  2008 | D:2      | Found Kadghiloo's Jewellery Shoppe.
  2212 | D:3      | Identified the +1 war axe of Tammymn {protect, rPois rF+
                  | rN+ Str+4}
  2291 | D:3      | Found a sparkling altar of Nemelex Xobeh.
  2392 | D:3      | Noticed Terence
  2398 | D:3      | Killed Terence
  2399 | D:3      | Reached skill level 5 in Conjurations
  2399 | D:3      | Reached XP level 4. HP: 27/27 MP: 0/8
  2475 | D:3      | Found a basalt altar of Yredelemnul.
  2685 | D:3      | Reached XP level 5. HP: 31/31 MP: 4/9
  3064 | D:4      | Noticed Blork the orc
  3072 | D:4      | Killed Blork the orc
  3073 | D:4      | Reached skill level 6 in Conjurations
  3077 | D:4      | Reached XP level 6. HP: 27/36 MP: 1/11
  3485 | D:4      | Found a white marble altar of Elyvilon.
  3560 | D:4      | Reached skill level 7 in Conjurations
  3560 | D:4      | Reached XP level 7. HP: 16/41 MP: 3/13
  4685 | D:5      | Entered Level 5 of the Dungeon
  4731 | D:5      | Found a hazy altar of Hepliaklqana.
  5000 | D:5      | Reached skill level 8 in Conjurations
  5191 | D:5      | Reached skill level 5 in Spellcasting
  5191 | D:5      | Reached XP level 8. HP: 46/46 MP: 10/15
  5702 | D:5      | Found a radiant altar of Vehumet.
  6166 | D:5      | Became a worshipper of Vehumet
  6196 | D:6      | Reached skill level 9 in Conjurations
  6329 | D:6      | Found a broken altar of Ashenzari.
  7059 | D:6      | Reached skill level 10 in Conjurations
  7059 | D:6      | Reached XP level 9. HP: 51/51 MP: 7/18
  7064 | D:6      | Learned a level 4 spell: Fulminant Prism
  7069 | D:6      | Learned a level 4 spell: Iskenderun's Mystic Blast
  7600 | D:6      | Noticed Grinder
  7608 | D:6      | Paralysed by Grinder for 2 turns
  7610 | D:6      | Killed Grinder
  7770 | D:6      | Found a sacrificial altar of Ru.
  7808 | D:6      | Found a burning altar of Makhleb.
  8178 | D:2      | Bought a ring of magical power for 280 gold pieces
  8393 | D:7      | Reached * piety under Vehumet
  8393 | D:7      | Offered knowledge of Sting by Vehumet.
  8433 | D:7      | Reached skill level 1 in Fighting
  8757 | D:7      | Noticed Prince Ribbit
  8768 | D:7      | Killed Prince Ribbit
  8853 | D:7      | Reached skill level 5 in Stealth
  8980 | D:7      | Noticed Maggie
  9000 | D:7      | Killed Maggie
  9001 | D:7      | Reached XP level 10. HP: 51/65 MP: 12/22
  9094 | D:7      | Noticed Maurice
  9105 | D:7      | Killed Maurice
  9106 | D:7      | Reached skill level 5 in Fighting
  9184 | D:7      | Found a staircase to the Ecumenical Temple.
  9246 | D:7      | Found a glowing silver altar of Zin.
  9832 | D:7      | Found a runed translucent door.
  9833 | D:7      | Noticed Crazy Yiuf
  9843 | D:7      | Killed Crazy Yiuf
  9887 | D:8      | Noticed Grum
  9893 | D:8      | Killed Grum
 10587 | D:8      | Found a bloodstained altar of Trog.
 10589 | D:8      | Found an iron altar of Okawaru.
 10825 | D:8      | Noticed Pikel
 10833 | D:8      | Killed Pikel
 10938 | D:8      | Offered knowledge of Sandblast by Vehumet.
 11039 | D:8      | Reached ** piety under Vehumet
 11868 | D:9      | Noticed a two-headed ogre
 11921 | D:9      | Killed a two-headed ogre
 12076 | D:9      | Reached XP level 11. HP: 80/80 MP: 17/23
 12080 | D:9      | Learned a level 3 spell: Mephitic Cloud
 12187 | D:9      | Found a snail-covered altar of Cheibriados.
 12410 | D:9      | Found a staircase to the Lair.
 12640 | D:10     | Entered Level 10 of the Dungeon
 12782 | D:10     | Reached skill level 10 in Fighting
 12914 | D:10     | Reached skill level 1 in Translocations
 12939 | D:10     | Offered knowledge of Scorch by Vehumet.
 13313 | D:10     | Reached *** piety under Vehumet
 13525 | D:10     | Found a shimmering blue altar of Sif Muna.
 13565 | D:10     | Noticed a fire dragon
 13578 | D:10     | Noticed a centaur warrior
 14164 | D:10     | Noticed a centaur warrior
 14167 | D:10     | HP: 4/81 [centaur warrior/arrow (31)]
 14170 | D:10     | Reached skill level 11 in Conjurations
 14317 | D:10     | Killed a centaur warrior
 14339 | D:10     | Reached skill level 5 in Translocations
 14767 | D:10     | Noticed a two-headed ogre
 14786 | D:10     | Killed a two-headed ogre
 14852 | D:10     | Killed a centaur warrior
 15487 | D:2      | Bought a ring of protection from cold for 350 gold pieces
 15672 | Lair:1   | Entered Level 1 of the Lair of Beasts
 15673 | Lair:1   | Upgraded the game from 0.32-a0-928-g1cae6b7ea0 to
                  | 0.32-a0-931-g5a2cda0630
 15693 | Lair:1   | Offered knowledge of Olgreb's Toxic Radiance by Vehumet.
 15694 | Lair:1   | Reached XP level 12. HP: 17/87 MP: 4/24
 15760 | Lair:1   | Learned a level 4 spell: Olgreb's Toxic Radiance
 15874 | Lair:1   | Noticed an eight-headed hydra
 15883 | Lair:1   | Reached skill level 12 in Conjurations
 16258 | Lair:1   | Noticed a death yak
 16261 | Lair:1   | Noticed a death yak
 16272 | Lair:1   | Killed a death yak
 16272 | Lair:1   | Noticed a death yak
 16285 | Lair:1   | Killed a death yak
 16290 | Lair:1   | Killed a death yak
 17272 | Lair:1   | Killed an eight-headed hydra
 17516 | Lair:1   | Reached skill level 13 in Conjurations
 18549 | Lair:2   | Noticed a four-headed hydra
 18755 | Lair:2   | Found a staircase to the Shoals.
 18798 | Lair:2   | Found a hole to the Spider Nest.
 18798 | Lair:2   | Identified the ring "Xeuggeg" {rC+ Will++ Str-2 Int+4}
 18960 | Lair:2   | Killed a four-headed hydra
 19855 | Lair:3   | Reached XP level 13. HP: 92/92 MP: 24/25
 19855 | Lair:3   | Reached **** piety under Vehumet
 20333 | Lair:3   | Reached skill level 10 in Translocations
 20377 | Lair:3   | Reached skill level 14 in Conjurations
 20553 | Lair:3   | Learned a level 4 spell: Ignite Poison
 20649 | Lair:3   | Offered knowledge of Brom's Barrelling Boulder by Vehumet.
 21295 | Lair:4   | Found a staircase to the Slime Pits.
 21295 | Lair:4   | Found a viscous altar of Jiyva.
 21414 | Lair:4   | Reached skill level 15 in Conjurations
 21549 | Lair:4   | Reached skill level 1 in Shields
 21903 | Lair:4   | Identified 2 scrolls of acquirement
 21904 | Lair:4   | Acquired the +3 crown of Dyrovepreva {rElec Int+2 SInv}
 21904 | Lair:4   | Found the +3 crown of Dyrovepreva {rElec Int+2 SInv}
 21910 | Lair:4   | Acquired the +3 Elemental Staff {ele, rElec rF+ rC+ AC+3}
 21910 | Lair:4   | Found the +3 Elemental Staff {ele, rElec rF+ rC+ AC+3}
 21971 | Lair:4   | Noticed Ahar's ghost (journeyman HONe)
 21973 | Lair:4   | Found a runed translucent gate.
 21977 | Lair:4   | Found a runed translucent gate.
 21977 | Lair:4   | Found a runed translucent gate.
 22202 | Lair:4   | Found a broken altar of Ashenzari.
 22631 | Lair:4   | Learned a level 1 spell: Apportation
 22683 | Lair:5   | Entered Level 5 of the Lair of Beasts
 22863 | Abyss:3  | Cast into level 3 of the Abyss (an occultist)
 22923 | Abyss:3  | Noticed a yellow draconian annihilator
 22935 | Abyss:3  | Found a corrupted altar of Lugonu.
 22998 | Abyss:3  | Reached skill level 5 in Shields
 22999 | Abyss:3  | Noticed a starcursed mass
 23043 | Abyss:3  | Noticed a tentacled starspawn
 23088 | Abyss:3  | Noticed a blizzard demon
 23105 | Abyss:3  | Slain by a tentacled starspawn

Illustrated notes

Levels and vault maps discovered:
D:1:      beargit_arrival_diablo_church, layout_basic,
          shapermc_ecumenical_altar_ellora
D:2:      layout_rooms, serial_shops, nicolae_shop_real_fake_doors,
          roderic_roman_lattice, kennysheep_generic_room_7
D:3:      cheibrodos_fertilizer, layout_basic, yredelemnul_altar_generic,
          old_standard_altar, uniq_terence
D:4:      minmay_general_purpose_star, layout_basic,
          nicolae_elyvilon_temple_path, minmay_misc_feat_doors,
          uniq_blork_the_orc
D:5:      layout_loops_corners, mainiacjoe_overflow_tiny_flanked,
          mainiacjoe_overflow_paths
D:6:      layout_loops_corners, nicolae_overflow_squiral,
          mainiacjoe_overflow_concentric_impassable,
          chequers_serial_rivers_micro_b, dreamdust_wishing_well,
          grunt_ministairs_13, uniq_grinder
D:7:      layout_rooms, mainiacjoe_overflow_chevrons,
          minmay_temple_entry_statues_fountains, uniq_maurice,
          uniq_prince_ribbit1, uniq_maggie, uniq_crazy_yiuf_cottage
D:8:      layout_basic, chequers_temple_overflow_statue_of_worship, uniq_pikel,
          uniq_grum
D:9:      layout_roguey, slow_altar_1, lair_entry_dummy
D:10:     minmay_the_grid_3x3 [minmay_the_grid_dragon_a, minmay_the_grid_rooms,
          minmay_the_grid_expand, minmay_the_grid_fan,
          minmay_the_grid_spin_star, minmay_the_grid_aliased_spiral,
          minmay_the_grid_broken_lines, minmay_the_grid_empty,
          minmay_the_grid_prize_diamond_cup], layout_long_grid,
          nicolae_sif_muna_condensation
Lair:1:   layout_cave_pods, lemuel_fruit_fields, infiniplex_staircase_pool_2,
          grunt_megastairs_2
Lair:2:   layout_layer_cave, mainiacjoe_shoals_entry_four_pools,
          spider_nest_entry_rubble
Lair:3:   layout_concentric_octagons, lemuel_fruit_fields, grunt_megastairs_3
Lair:4:   layout_gridlike, slime_entry_1, gammafunk_ghost_split,
          lemuel_oklob_altar, lemuel_fruit_tree
Lair:5:   evil_forest, layout_loops_ring, enter_volcano_4, uniq_rupert
Abyss:3:  base: Lair:2, minivault_26,
          evilmike_nicolae_abyss_rune_betentacled_crabyss,
          evilmike_abyss_exit_mutagenic, lemuel_flamethrower_3

Skill      XL: |  1  2  3  4  5  6  7  8  9 10 11 12 13 |
---------------+----------------------------------------+-----
Conjurations   | 5 6 7 8 10 11 13 15 | 15.0
Spellcasting   | 3 4 5 6 8 |  8.0
Fighting       | 4 9 10 | 10.6
Stealth        | 5 8 |  8.0
Translocations | 6 9 10 | 10.0
Shields        | 5 |  5.1
Dodging        | |  2.0

Action                     |  1- 3 |  4- 6 |  7- 9 | 10-12 | 13-15 || total
---------------------------+-------+-------+-------+-------+-------++-------
  Melee: Mace              |     3 |       |       |       |       ||     3
         Constrict         |     2 |     2 |     5 |     5 |     3 ||    17
         Tentacles         |     1 |     4 |     9 |     8 |     9 ||    31
         Dagger            |     7 |       |       |       |       ||     7
         War axe           |       |    15 |    14 |    36 |       ||    65
         Rapier            |       |       |    22 |    25 |    21 ||    68
         Staff             |       |       |       |       |     4 ||     4
  Throw: Dart              |       |       |       |     2 |       ||     2
   Cast: Magic Dart        |    64 |    32 |   120 |   137 |    49 ||   402
         Searing Ray       |     1 |     9 |    44 |    98 |    41 ||   193
         Iskenderun's Myst |       |       |    11 |   115 |    56 ||   182
         Fulminant Prism   |       |       |     5 |    38 |     2 ||    45
         Mephitic Cloud    |       |       |       |    20 |     4 ||    24
         Olgreb's Toxic Ra |       |       |       |     4 |       ||     4
         Apportation       |       |       |       |       |     1 ||     1
  Evoke: Wand              |       |       |     1 |     1 |     2 ||     4
    Use: Scroll            |       |       |    10 |    11 |    10 ||    31
         Potion            |       |       |     2 |     3 |     9 ||    14
   Stab: Sleeping          |     3 |       |       |     1 |       ||     4
         Paralysed         |       |       |     4 |       |       ||     4
         Confused          |       |       |       |     1 |       ||     1
 Armour: Skin              |     4 |    14 |    90 |   226 |   170 ||   504
  Dodge: Dodged            |     7 |    10 |    47 |   120 |    59 ||   243
  Block: Other             |       |     7 |     6 |       |       ||    13
         Reflection        |       |     1 |       |       |       ||     1
         Kite shield       |       |       |       |     3 |    46 ||    49

Table legend: (Time is in decaauts)
 A = Elapsed time spent in this place.
 B = Non-inter-level travel time spent in this place.
 C = Inter-level travel time spent in this place.
 D = Time resting spent in this place.
 E = Time spent auto-exploring this place.
 F = Levels seen in this place.
 G = Mean time per level.
                   A        B        C        D        E       F      G
               +--------+--------+--------+--------+--------+-----+--------+
         Total |  23139 |  21591 |   1548 |   2269 |  16440 |  16 | 1446.2 |
       Dungeon |  16038 |  14748 |   1290 |   1443 |  11521 |  10 | 1603.8 |
          Lair |   6856 |   6598 |    258 |    826 |   4857 |   5 | 1371.2 |
         Abyss |    243 |    243 |      0 |      0 |     62 |   1 |  243.0 |
               +--------+--------+--------+--------+--------+-----+--------+

Top non-repeatable levels by time:
    D:10: 2407 daAuts
  Lair:1: 2305 daAuts
     D:6: 2183 daAuts
  Lair:2: 1849 daAuts
     D:9: 1777 daAuts
     D:4: 1636 daAuts
     D:8: 1604 daAuts
     D:5: 1582 daAuts
  Lair:4: 1451 daAuts
     D:7: 1426 daAuts
     D:3: 1186 daAuts
     D:1: 1150 daAuts
  Lair:3: 1145 daAuts
     D:2: 1084 daAuts
 Abyss:3: 243 daAuts
